 Dungeon Crawl Stone Soup version 0.31.0-11-ge490571c62 (webtiles) character file.

Game seed: 3896167029200717653

2046 qw the Markself (level 9, 0/49 HPs)
             Began as a Deep Elf Hunter on Feb 4, 2024.
             Was an Initiate of Okawaru.
             Incinerated by a bombardier beetle (4 damage)
             ... with a burning spray
             ... on level 5 of the Dungeon.
             The game lasted 00:01:02 (4293 turns).

qw the Markself (Deep Elf Hunter)                   Turns: 4293, Time: 00:01:02

Health: 0/49       AC: 11    Str: 12    XL:     9   Next: 4%
Magic:  11/11      EV: 14    Int: 15    God:    Okawaru [......]
Gold:   284        SH:  0    Dex: 25    Spells: 8/8 levels left

rFire   . . .        d - +6 orcbow of the Ecumenical Temple {speed, +Blink Dex+7}
rCold   . . .        (shield currently unavailable)
rNeg    . . .        f - +0 ring mail
rPois   .            (no helmet)
rElec   .            (no cloak)
rCorr   .            (no gloves)
SInv    .            b - +1 pair of boots
Will    .....        (no amulet)
Stlth   +            j - +4 ring of slaying {mikee}
HPRegen 0.28/turn    g - +4 ring of protection
MPRegen 0.12/turn

%: no passive effects
@: on fire, glowing
A: no striking features
a: Renounce Religion, Evoke Blink


You were on level 5 of the Dungeon.
You worshipped Okawaru.
Okawaru was noncommittal.
You visited 2 branches of the dungeon, and saw 6 of its levels.
You also visited: Sewer.

You collected 284 gold pieces.


   Skills:
 + Level 2.9 Fighting
 - Level 18.6 Ranged Weapons
 - Level 1.5 Armour
 - Level 5.0 Dodging
 - Level 1.2 Stealth


You had 8 spell levels left.
You didn't know any spells.
Your spell library was empty.

Inventory:

Hand Weapons
 d - the +6 orcbow of the Ecumenical Temple (weapon) {speed, +Blink Dex+7}
   (You acquired it on level 3 of the Dungeon)

   Dex+7:     It affects your dexterity (+7).
   +Blink:    It lets you blink.
Armour
 b - a +1 pair of boots (worn)
 f - a +0 ring mail (worn)
Jewellery
 a - a +6 ring of strength
 g - a +4 ring of protection (right hand)
 j - a +4 ring of slaying (left hand) {mikee}
 n - a ring of ice
Wands
 l - a wand of roots (11)
 s - a wand of digging (4)
Scrolls
 c - 4 scrolls of teleportation
 e - a scroll of poison {unknown}
 p - a scroll of blinking {unknown}
Potions
 h - 2 potions of heal wounds
 i - 3 potions of mutation
 k - 5 potions of cancellation
 m - a potion of resistance {unknown}
 o - 2 potions of curing
 q - a potion of degeneration {unknown}
 r - a potion of magic

Dungeon Overview and Level Annotations

Branches:
Dungeon (5/15)             Temple (1/1) D:5           Sewer (visited)

Altars:
Ashenzari
Cheibriados
Dithmenos
Elyvilon
Fedhas
Hepliaklqana
Kikubaaqudgha
Makhleb
Nemelex Xobeh
Okawaru
Qazlal
Trog
Uskayaw
Vehumet
Wu Jian
Xom
Yredelemnul
Zin


Message History

The bombardier beetle is moderately wounded.
You shoot an arrow. The arrow hits the bombardier beetle.
The bombardier beetle is moderately wounded.
You shoot an arrow. The arrow hits the bombardier beetle.
The bombardier beetle is heavily wounded.
The bombardier beetle sprays incendiary fluid at you.
The burning spray hits you.
You are covered in liquid fire!
You shoot an arrow.
The arrow closely misses the bombardier beetle.
The liquid fire burns you!
You shoot an arrow. The arrow hits the bombardier beetle!
You kill the bombardier beetle!
Okawaru accepts your kill. The liquid fire burns you!
You are on fire!
The liquid fire burns you!
You are on fire!
The liquid fire burns you!
You are on fire!
The liquid fire burns you!
You are on fire!
The liquid fire burns you!
You are on fire!
The liquid fire burns you!
You are on fire!
The liquid fire burns you!
You are on fire!
The liquid fire burns you!
You are on fire!
The liquid fire burns you!
You are on fire!
The liquid fire burns you!
You are on fire!
The liquid fire burns you!
You are on fire!
The liquid fire burns you!
You are on fire!
The liquid fire burns you!
You die...

#.......:.)..........#
#####.##.>..#######..#
#.##....# #..#
#.###...# #..# #.#
##..# #.## #.# #..#
#.# #.# #..# ### #.
#..# #@.#
(..!...........
##.......######
#.####### #


There were no monsters in sight!

Vanquished Creatures
  An ice beast (D:4)
  A black bear (D:4)
  3 ogres (D:5)
  3 kobold brigands (Sewer)
  2 scorpions
  A quasit (D:5)
  2 bombardier beetles (D:5)
  An orc priest (D:4)
  3 iguanas
  2 orc wizards (D:4)
  10 adders
  5 river rats (Sewer)
  2 shadow imps (D:5)
  2 white imps (D:5)
  An ufetubus (D:5)
  4 dart slugs
  4 orcs (D:4)
  A bat (D:3)
  8 endoplasms
  2 giant cockroaches
  14 goblins
  5 hobgoblins
  4 quokkas
  13 ball pythons
  3 frilled lizards
  14 kobolds
  23 rats
134 creatures vanquished.

Notes
Turn   | Place    | Note
-------+----------+-------------------------------------------
     0 | D:1      | qw the Deep Elf Hunter began the quest for the Orb.
     0 | D:1      | Reached XP level 1. HP: 12/12 MP: 3/3
     0 | D:1      | 0 ||| qw: Version: 0.3-a-160-g6735b56
     0 | D:1      | 0 ||| qw: Game counter: 5805
     0 | D:1      | 0 ||| qw: Melee chars always use a shield: true
     0 | D:1      | 0 ||| qw: God list: Okawaru
     0 | D:1      | 0 ||| qw: Allow faded altars: false
     0 | D:1      | 0 ||| qw: Do Orc after clearing Dungeon:15 true
     0 | D:1      | 0 ||| qw: Do second Lair branch before Depths: true
     0 | D:1      | 0 ||| qw: Lair rune preference: random
     0 | D:1      | 0 ||| qw: Goals: Normal
     0 | D:1      | 0 ||| PLANNING D:1-11
    39 | D:1      | Found a faded altar of an unknown god.
   316 | D:1      | Reached skill level 6 in Ranged Weapons
   316 | D:1      | Reached XP level 2. HP: 16/16 MP: 4/4
   626 | D:1      | 626 ||| UPGRADING to +0 ring mail.
   636 | D:1      | 636 ||| DROPPING +0 leather armour.
   637 | D:1      | 637 ||| UPGRADING to +4 ring of slaying {mikee}.
   638 | D:1      | 638 ||| READING scroll labelled NOEFUT NU MONISK.
   739 | D:1      | 739 ||| READING scroll labelled CYITOO KOCZIG.
   739 | D:1      | 739 ||| IDENTIFYING bubbling cyan potion
   740 | D:1      | 740 ||| READING scroll labelled XIFEAT AZAOB.
   745 | D:1      | 745 ||| DRINKING 2 pink potions.
   746 | D:1      | 746 ||| DROPPING scroll of butterflies.
   747 | D:1      | 747 ||| DROPPING potion of magic.
  1094 | D:2      | Reached XP level 3. HP: 20/20 MP: 5/5
  1249 | D:2      | 1249 ||| READING 2 scrolls labelled HAG VONOADURCH.
  1250 | D:2      | 1250 ||| DROPPING scroll of revelation.
  1254 | D:2      | 1254 ||| FLEEEEING.
  1256 | D:2      | 1256 ||| FLEEEEING.
  1257 | D:2      | 1257 ||| FLEEEEING.
  1258 | D:2      | 1258 ||| FLEEEEING.
  1259 | D:2      | 1259 ||| FLEEEEING.
  1260 | D:2      | 1260 ||| FLEEEEING.
  1261 | D:2      | 1261 ||| FLEEEEING.
  1336 | D:2      | Reached skill level 7 in Ranged Weapons
  1580 | D:2      | 1580 ||| UPGRADING to +0 pair of boots.
  1585 | D:2      | 1585 ||| UPGRADING to +4 ring of protection.
  1586 | D:2      | 1586 ||| READING scroll labelled GEDOHI GOLO.
  1644 | D:3      | Reached XP level 4. HP: 22/25 MP: 6/6
  1895 | D:3      | 1895 ||| DROPPING +4 sling.
  2037 | D:3      | 2037 ||| READING scroll of identify.
  2037 | D:3      | 2037 ||| IDENTIFYING golden potion
  2038 | D:3      | 2038 ||| READING scroll labelled EDIRCH KURE.
  2039 | D:3      | 2039 ||| READING scroll labelled UZAIRH TARUR.
  2039 | D:3      | Identified a scroll of acquirement
  2039 | D:3      | 2039 ||| ACQUIRING +6 orcbow of the Ecumenical Temple
                  | {speed, +Blink Dex+7}
  2039 | D:3      | Acquired the +6 orcbow of the Ecumenical Temple {speed,
                  | +Blink Dex+7}
  2041 | D:3      | 2041 ||| SWAPPING to +6 orcbow of the Ecumenical Temple
                  | {speed, +Blink Dex+7}.
  2042 | D:3      | 2042 ||| DROPPING +0 shortbow.
  2043 | D:3      | 2043 ||| READING scroll labelled COCLED LOOLL.
  2067 | D:4      | 2067 ||| PLANNING SEWER
  2078 | D:4      | Reached skill level 8 in Ranged Weapons
  2249 | D:4      | Noticed a black bear
  2252 | D:4      | Killed a black bear
  2253 | D:4      | Reached XP level 5. HP: 29/29 MP: 7/7
  2272 | D:4      | Noticed an ice beast
  2277 | D:4      | Killed an ice beast
  2278 | D:4      | Reached XP level 6. HP: 34/34 MP: 8/8
  2313 | D:4      | Found a glowing drain.
  2325 | D:4      | 2325 ||| READING scroll of identify.
  2325 | D:4      | 2325 ||| IDENTIFYING bubbling brown potion
  2326 | D:4      | 2326 ||| DRINKING 2 murky puce potions.
  2331 | D:4      | Reached skill level 9 in Ranged Weapons
  2340 | Sewer    | Entered a sewer
  2565 | Sewer    | Reached skill level 10 in Ranged Weapons
  2565 | Sewer    | Reached XP level 7. HP: 36/40 MP: 9/9
  2675 | Sewer    | Reached skill level 1 in Armour
  2895 | D:4      | 2895 ||| PLANNING D:1-11
  3005 | D:4      | 3005 ||| FLEEEEING.
  3006 | D:4      | 3006 ||| FLEEEEING.
  3007 | D:4      | 3007 ||| FLEEEEING.
  3008 | D:4      | 3008 ||| FLEEEEING.
  3009 | D:4      | 3009 ||| FLEEEEING.
  3012 | D:4      | 3012 ||| FLEEEEING.
  3021 | D:4      | 3021 ||| DRINKING 2 potions of curing.
  3021 | D:4      | 3021 ||| (to cure confusion)
  3022 | D:4      | 3022 ||| DRINKING potion of curing.
  3022 | D:4      | 3022 ||| (to cure confusion)
  3037 | D:4      | 3037 ||| FLEEEEING.
  3038 | D:4      | 3038 ||| FLEEEEING.
  3039 | D:4      | 3039 ||| FLEEEEING.
  3040 | D:4      | 3040 ||| STAIRDANCE
  3166 | D:4      | Reached skill level 11 in Ranged Weapons
  3565 | D:4      | 3565 ||| READING scroll of identify.
  3565 | D:4      | 3565 ||| IDENTIFYING purple potion
  3566 | D:4      | 3566 ||| DRINKING potion of experience.
  3566 | D:4      | Reached skill level 18 in Ranged Weapons
  3566 | D:4      | Reached XP level 8. HP: 44/44 MP: 10/10
  3567 | D:4      | 3567 ||| READING scroll labelled AMIUWU ORATTA.
  3567 | D:4      | 3567 ||| ENCHANTING +0 pair of boots.
  3585 | D:5      | Entered Level 5 of the Dungeon
  3711 | D:5      | Found a staircase to the Ecumenical Temple.
  3712 | D:5      | 3712 ||| PLANNING TEMPLE
  3720 | Temple   | Entered the Ecumenical Temple
  3721 | Temple   | 3721 ||| PLANNING OKAWARU WORSHIP
  3730 | Temple   | Became a worshipper of Warmaster Okawaru
  3731 | Temple   | 3731 ||| PLANNING D:1-11
  4071 | D:5      | Reached XP level 9. HP: 49/49 MP: 11/11
  4290 | D:5      | HP: 10/49 [burnt (5)]
  4292 | D:5      | HP: 4/49 [burnt (4)]
  4293 | D:5      | Incinerated by a bombardier beetle

Levels and vault maps discovered:
D:1:      grunt_arrival_crossed_arrows, layout_loops_ring,
          ebering_ecumenical_altar_webs
D:2:      layout_loops_corners, serial_bayou_pond_a, minmay_surrounded
D:3:      layout_rooms
D:4:      layout_loops_corners, gup_sewer_entry_glass
D:5:      layout_basic, minmay_temple_entry_offerings, serial_demonic,
          serial_demonic_e, serial_demonic_f, serial_demonic_c, serial_demonic_a
Temple:   dpeg_three_leaves_temple

Skill      XL: |  1  2  3  4  5  6  7  8 |
---------------+-------------------------+-----
Ranged Weapons | 6 7 8 10 18 | 18.6
Dodging        | 4 5 |  5.0
Fighting       | 2 |  2.9
Armour         | 1 |  1.5
Stealth        | |  1.2

Action                     |  1- 3 |  4- 6 |  7- 9 || total
---------------------------+-------+-------+-------++-------
   Fire: Shortbow          |    75 |    11 |       ||    86
         Orcbow            |       |    75 |    88 ||   163
    Use: Scroll            |     5 |     5 |     2 ||    12
         Potion            |     1 |     1 |     3 ||     5
 Armour: Leather armour    |     4 |       |       ||     4
         Ring mail         |    10 |     4 |    27 ||    41
  Dodge: Dodged            |     8 |    10 |     6 ||    24

Table legend:
 A = Non-vault XP
 B = Vault XP
 C = Vault XP percentage of total XP
 D = Non-vault monster count
 E = Vault monster count
 F = Vault count percentage of total count
                 A         B        C        D         E       F
            +---------+---------+-------+---------+---------+-------
      Total |    1271 |     578 |  31.3 |      70 |      64 |  47.8
            +---------+---------+-------+---------+---------+-------
        D:1 |      35 |       0 |   0.0 |      19 |       0 |   0.0
        D:2 |      41 |      11 |  21.2 |      10 |       6 |  37.5
        D:3 |      31 |       0 |   0.0 |      10 |       0 |   0.0
        D:4 |     535 |      43 |   7.4 |      20 |       4 |  16.7
        D:5 |     629 |      98 |  13.5 |      11 |       6 |  35.3
      Sewer |       0 |     426 | 100.0 |       0 |      48 | 100.0
            +---------+---------+-------+---------+---------+-------
